 Dungeon Crawl Stone Soup version 0.14-a0-1613-gd720e3e (webtiles) character file.

746 PolkaDot the Jinx (level 7, 0/46 HPs)
             Began as a Vampire Enchanter on Dec 24, 2013.
             Slain by ilii's ghost (3 damage)
             ... in an ossuary.
             The game lasted 00:23:26 (5278 turns).

PolkaDot the Jinx (Vampire Enchanter)               Turns: 5278, Time: 00:23:27

HP   0/46        AC  6     Str  7      XL: 7   Next: 25%
MP   4/13        EV 13     Int 17      God:
Gold 108         SH  0     Dex 16      Spells:  3 memorised,  1 level left

rFire  x . .     SeeInvis +     a - +1,+2 dagger (curse)
rCold  + + .     Clarity  +     b - +1 robe
rNeg   + + .     Conserve .     (no shield)
rPois  +         rCorr    .     o - +1 wizard hat (curse)
rElec  .         rRot     +     (no cloak)
SustAb . .       Spirit   .     (no gloves)
rMut   .         Warding  .     i - +1 pair of boots
Saprov . . .     Stasis   .     r - cursed amulet of clarity
                                h - cursed ring of wizardry
                                f - cursed ring of ice

@: regenerating slowly, slightly resistant to hostile enchantments, very
stealthy
A: bottle blood, fangs 3, see invisible, unbreathing
a: Bat Form, Bottle Blood


You were in an ossuary.
You were thirsty.

You visited 1 branch of the dungeon, and saw 5 of its levels.
You also visited: Ossuary.

You collected 108 gold pieces.

Inventory:

Hand weapons
 a - a cursed +1,+2 dagger (weapon)
Missiles
 d - 11 darts (quivered)
Armour
 b - a +1 robe (worn)
 i - a +1 pair of boots (worn)
 o - a cursed +1 wizard hat (worn)
Magical devices
 k - a wand of hasting (5)
Scrolls
 e - a scroll of immolation
 g - a scroll of recharging
 j - a scroll of identify
 n - a scroll of amnesia
 s - a scroll of enchant weapon II
Jewellery
 f - a cursed ring of ice (left hand)
 h - a cursed ring of wizardry (right hand)
 q - a cursed amulet of rage
 r - a cursed amulet of clarity (around neck)
Potions
 m - a potion of curing
 p - a potion of restore abilities
Books
 c - a book of Maledictions

   Spells                             Type                      Level
   *Corona                            Hexes                        1
   Sure Blade                         Hexes/Charms                 2
   Ensorcelled Hibernation            Hexes/Ice                    2
   *Confuse                           Hexes                        3
   Enslavement                        Hexes                        4
   *Invisibility                      Hexes                        6


   Skills:
 - Level 4.1 Short Blades
 - Level 0.7 Throwing
 - Level 2.1 Dodging
 + Level 6.3 Stealth
 + Level 2.9 Spellcasting
 * Level 8.9 Hexes


You had one spell level left.
You knew the following spells:

 Your Spells              Type           Power        Failure   Level  Hunger
a - Corona                Hex            ####...      1%          1    #......
c - Confuse               Hex            ####....     1%          3    ###....
i - Invisibility          Hex            ####....     38%         6    #######


Dungeon Overview and Level Annotations

Branches:
Dungeon (5/16)
 Temple: D:4-7

Altars:
Makhleb

Annotations:
Ossuary ilii's ghost, experienced OpMo


Innate Abilities, Weirdness & Mutations

You heal slowly.
You can bottle blood from corpses.
You have razor-sharp teeth.*
You have supernaturally acute eyesight.
You can survive without breathing.*


Message History

Casting: Confuse
Confirm with . or Enter, or press ? or * to list all spells.
Aiming: Confuse
Press: ? - help, Shift-Dir - straight line, f - ilii's ghost
Aim: ilii's ghost Ilii's ghost resists.
Ilii's ghost hits you.
Casting: Confuse
Confirm with . or Enter, or press ? or * to list all spells.
Aiming: Confuse
Press: ? - help, Shift-Dir - straight line, f/p - ilii's ghost
Aim: ilii's ghost Ilii's ghost resists.
Ilii's ghost hits you!
* * * LOW HITPOINT WARNING * * *
Casting: Confuse
Confirm with . or Enter, or press ? or * to list all spells.
Aiming: Confuse
Press: ? - help, Shift-Dir - straight line, f/p - ilii's ghost
Aim: ilii's ghost Ilii's ghost appears confused.
Ilii's ghost hits you.
You die...

# #### ###z#
######..#
..z..z.#......##
.......+@p.∩...#
.....z.#......##
###.# ######..#
# ####


You could see ilii's ghost (confused).

Vanquished Creatures
  2 ogres (D:4)
  A phantom (D:4)
  A hound (D:4)
  A scorpion (D:5)
  3 worker ants (D:4)
  4 mummies
  7 adders
  A giant mite (D:2)
  A goliath beetle zombie (D:5)
  3 worms
  5 giant geckos
  2 orcs (D:3)
  11 bats
  23 goblins
  14 hobgoblins
  2 jackals (D:2)
  10 kobolds
  4 giant cockroaches
  7 giant newts
  A kobold skeleton (D:4)
  2 quokkas
  7 rats
112 creatures vanquished.

Notes
Turn   | Place    | Note
--------------------------------------------------------------
     0 | D:1      | PolkaDot, the Vampire Enchanter, began the quest for the Orb.
     0 | D:1      | Reached XP level 1. HP: 13/13 MP: 3/3
   323 | D:1      | Reached XP level 2. HP: 4/19 MP: 1/4
  1161 | D:1      | Reached XP level 3. HP: 24/24 MP: 6/6
  1166 | D:1      | Learned a level 3 spell: Confuse
  1444 | D:1      | Reached skill level 5 in Hexes
  1832 | D:2      | Reached XP level 4. HP: 30/30 MP: 2/7
  2922 | D:3      | Reached skill level 6 in Hexes
  3195 | D:3      | Reached XP level 5. HP: 35/35 MP: 9/9
  3637 | D:4      | Noticed an ogre
  3826 | D:4      | Killed an ogre
  3826 | D:4      | Reached skill level 7 in Hexes
  3960 | D:4      | Reached skill level 5 in Stealth
  3960 | D:4      | Reached XP level 6. HP: 29/41 MP: 1/10
  4288 | D:4      | Noticed an ogre
  4288 | D:4      | Noticed a phantom
  4320 | D:4      | Killed an ogre
  4320 | D:4      | Reached skill level 8 in Hexes
  4367 | D:4      | Found a burning altar of Makhleb.
  4446 | D:4      | Killed a phantom
  4446 | D:4      | Reached XP level 7. HP: 30/46 MP: 2/13
  4809 | D:5      | Entered Level 5 of the Dungeon
  4929 | D:5      | Learned a level 6 spell: Invisibility
  5033 | D:5      | Found a sand-covered staircase.
  5187 | Ossuary  | Entered an ossuary
  5270 | Ossuary  | Noticed ilii's ghost (experienced OpMo)
  5278 | Ossuary  | Slain by ilii's ghost

Action                   |  1- 3 |  4- 6 |  7- 9 || total
-------------------------+-------+-------+-------++-------
Melee: Dagger            |   192 |   279 |    53 ||   524
Throw: Dart              |    14 |       |       ||    14
 Cast: Corona            |    12 |     5 |       ||    17
       Confuse           |     7 |    25 |    13 ||    45
  Use: Potion            |     3 |     1 |     2 ||     6
       Scroll            |       |     8 |     2 ||    10
 Stab: Sleeping          |     3 |    11 |     1 ||    15
       Distracted        |     1 |       |     1 ||     2
       Confused          |     4 |    11 |     5 ||    20
